PL
PHOENIX HOTSPUR @ BROOKLYN DODGERS
08/08/2031
 
TOP OF THE 1ST
Phoenix Hotspur batting - Pitching for Brooklyn Dodgers : LHP Addie Samson
Pitching: LHP Addie Samson
Batting: RHB Kyle Bywaters 0-0: Ball
1-0: Called Strike
1-1: SINGLE (Groundball, 5D)
Batting: LHB Francisco García 0-0: Ball
Kyle Bywaters steals 2nd base
1-0: Ball
2-0: Foul Ball, location: 2F
2-1: Foul Ball, location: 2F
2-2: Foul Ball, location: 2F
2-2: Ground out U3 (Groundball, 3S)
Kyle Bywaters to third
Batting: RHB Randy Rehling 0-0: Called Strike
0-1: Ball
1-1: Fly out, F7 (Flyball, 78S)
Batting: LHB Tadayoshi Watanabe 0-0: Ball
Wild Pitch!
Kyle Bywaters scores
1-0: Called Strike
1-1: Swinging Strike
1-2: Ball
2-2: Ball
3-2: Strikes out looking
Top of the 1st over - 1 run, 1 hit, 0 errors, 0 left on base; Phoenix 1 - Brooklyn 0
BOTTOM OF THE 1ST
Brooklyn Dodgers batting - Pitching for Phoenix Hotspur : RHP Miguel Rubia
Pitching: RHP Miguel Rubia
Batting: LHB Jérôme Masson 0-0: Called Strike
0-1: Ball
1-1: Bunt for hit - play at first, batter OUT! 1-3
Batting: LHB Mysterious Walker 0-0: SINGLE (Line Drive, 4MD)
Batting: LHB Manuel Carmona 0-0: Swinging Strike
0-1: Ball
1-1: Grounds into double play, 6-4-3 (Groundball, 6)
Bottom of the 1st over - 0 runs, 1 hit, 0 errors, 0 left on base; Phoenix 1 - Brooklyn 0
TOP OF THE 2ND
Phoenix Hotspur batting - Pitching for Brooklyn Dodgers : LHP Addie Samson
Batting: LHB Harumi Takaki 0-0: Fly out, F8 (Flyball, 8LD)
Batting: RHB Roland Deschain 0-0: Ball
1-0: Ball
2-0: Called Strike
2-1: Foul Ball, location: 2F
2-2: SINGLE (Groundball, 56D)
Batting: LHB Wagaw Lukongolo 0-0: Called Strike
Roland Deschain steals 2nd base
0-1: Ground out U3 (Groundball, 3L)
Roland Deschain to third
Batting: RHB Julián De Paz 0-0: Foul Ball, location: 2F
0-1: Fly out, F7 (Flyball, 78D)
Top of the 2nd over - 0 runs, 1 hit, 0 errors, 1 left on base; Phoenix 1 - Brooklyn 0
BOTTOM OF THE 2ND
Brooklyn Dodgers batting - Pitching for Phoenix Hotspur : RHP Miguel Rubia
Batting: LHB Avon Barksdale 0-0: Foul Ball, location: 2F
0-1: Ball
1-1: Swinging Strike
1-2: Ball
2-2: Foul Ball, location: 2F
2-2: Strikes out swinging
Batting: LHB Yannick Hendriksen 0-0: Ball
1-0: Ball
2-0: Foul Ball, location: 2F
2-1: Swinging Strike
2-2: Ball
3-2: Strikes out swinging
Batting: LHB Ki-tak Im 0-0: Foul Ball, location: 2F
0-1: Ball
1-1: Bunt for hit - play at first, batter safe!
Batting: SHB Juan Rivas 0-0: Ball
1-0: Fly out, F7 (Flyball, 7)
Bottom of the 2nd over - 0 runs, 1 hit, 0 errors, 1 left on base; Phoenix 1 - Brooklyn 0
TOP OF THE 3RD
Phoenix Hotspur batting - Pitching for Brooklyn Dodgers : LHP Addie Samson
Batting: RHB Alfredo Pizarro 0-0: Called Strike
0-1: Ball
1-1: Called Strike
1-2: Foul Ball, location: 2F
1-2: Foul Ball, location: 2F
1-2: SINGLE (Flyball, 8RS)
Batting: RHB Kyle Bywaters 0-0: Ball
1-0: Swinging Strike
1-1: Foul Ball, location: 2F
1-2: Ball
2-2: Foul Ball, location: 2F
2-2: Foul Ball, location: 2F
2-2: Ball
3-2: Base on Balls
Alfredo Pizarro to second
Batting: LHB Francisco García 0-0: Foul Ball, location: 2F
0-1: Swinging Strike
0-2: Fly out, F9 (Line Drive, 9)
Batting: RHB Randy Rehling 0-0: Foul Ball, location: 2F
0-1: Grounds into double play, 5-4-3 (Groundball, 5)
Top of the 3rd over - 0 runs, 1 hit, 0 errors, 1 left on base; Phoenix 1 - Brooklyn 0
BOTTOM OF THE 3RD
Brooklyn Dodgers batting - Pitching for Phoenix Hotspur : RHP Miguel Rubia
Batting: LHB Munemori Ohara 0-0: Ball
1-0: Ball
2-0: Ball
3-0: Base on Balls
Batting: RHB Ethan Miller 0-0: Foul Ball, location: 2F
0-1: Ball
1-1: Foul Ball, location: 2F
1-2: Grounds into double play, 6-4-3 (Groundball, 56)
Batting: LHB Jérôme Masson 0-0: SOLO HOME RUN (Flyball, 7LD), Distance : 353 ft
Batting: LHB Mysterious Walker 0-0: DOUBLE (Flyball, 89D)
Batting: LHB Manuel Carmona 0-0: Ball
1-0: Ball
2-0: Foul Ball, location: 2F
2-1: Fly out, F5 (Line Drive, 6)
Bottom of the 3rd over - 1 run, 2 hits, 0 errors, 1 left on base; Phoenix 1 - Brooklyn 1
TOP OF THE 4TH
Phoenix Hotspur batting - Pitching for Brooklyn Dodgers : LHP Addie Samson
Batting: LHB Tadayoshi Watanabe 0-0: Foul Ball, location: 2F
0-1: Ball
1-1: Foul Ball, location: 2F
1-2: Foul Ball, location: 2F
1-2: Ball
2-2: Strikes out swinging
Batting: LHB Harumi Takaki 0-0: Ball
1-0: Swinging Strike
1-1: Called Strike
1-2: Strikes out swinging
Batting: RHB Roland Deschain 0-0: Called Strike
0-1: Ground out 6-3 (Groundball, 6)
Top of the 4th over - 0 runs, 0 hits, 0 errors, 0 left on base; Phoenix 1 - Brooklyn 1
BOTTOM OF THE 4TH
Brooklyn Dodgers batting - Pitching for Phoenix Hotspur : RHP Miguel Rubia
Batting: LHB Avon Barksdale 0-0: Called Strike
0-1: Foul Ball, location: 2F
0-2: Strikes out swinging
Batting: LHB Yannick Hendriksen 0-0: Called Strike
0-1: Ball
1-1: Ball
2-1: Swinging Strike
2-2: Foul Ball, location: 2F
2-2: Foul Ball, location: 2F
2-2: Foul Ball, location: 2F
2-2: Ball
3-2: Fly out, F9 (Flyball, 9S)
Batting: LHB Ki-tak Im 0-0: Ball
1-0: Swinging Strike
1-1: Ball
2-1: Ball
3-1: Foul Ball, location: 2F
3-2: Ground out 4-3 (Groundball, 34)
Bottom of the 4th over - 0 runs, 0 hits, 0 errors, 0 left on base; Phoenix 1 - Brooklyn 1
TOP OF THE 5TH
Phoenix Hotspur batting - Pitching for Brooklyn Dodgers : LHP Addie Samson
Batting: LHB Wagaw Lukongolo 0-0: Swinging Strike
0-1: Foul Ball, location: 2F
0-2: Ball
1-2: Foul Ball, location: 2F
1-2: Ball
2-2: SINGLE (Groundball, 6MD)
Batting: RHB Julián De Paz 0-0: Ball
1-0: Ball
2-0: Ball
3-0: Called Strike
3-1: Base on Balls
Wagaw Lukongolo to second
Batting: RHB Alfredo Pizarro 0-0: Ball
1-0: Ball
2-0: Called Strike
2-1: Ball
3-1: Foul Ball, location: 2F
3-2: DOUBLE (Line Drive, 7D)
Wagaw Lukongolo scores
Julián De Paz to third
Runner from 3rd tries for Home, SAFE, no throw
Batting: RHB Kyle Bywaters 0-0: SINGLE (Groundball, 15) (infield hit)
Alfredo Pizarro to third
Batting: LHB Francisco García 0-0: Ball
1-0: Called Strike
1-1: Fly out, F5 (Popup, 25F)
Batting: RHB Randy Rehling 0-0: Foul Ball, location: 2F
0-1: Foul Ball, location: 2F
0-2: Strikes out swinging
Kyle Bywaters steals 2nd base
Batter strikes out.
Batting: LHB Tadayoshi Watanabe 0-0: Called Strike
0-1: Reached on error, E3 (Groundball, 34S)
Alfredo Pizarro scores
Kyle Bywaters to third
Batting: LHB Harumi Takaki 0-0: Fielders Choice at 2nd, 6-4 (Groundball, 6)
Top of the 5th over - 3 runs, 3 hits, 1 error, 2 left on base; Phoenix 4 - Brooklyn 1
BOTTOM OF THE 5TH
Brooklyn Dodgers batting - Pitching for Phoenix Hotspur : RHP Miguel Rubia
Batting: SHB Juan Rivas 0-0: Ball
1-0: Called Strike
1-1: Swinging Strike
1-2: Strikes out swinging
Batting: LHB Munemori Ohara 0-0: Called Strike
0-1: Swinging Strike
0-2: SINGLE (Groundball, 6MD)
Batting: RHB Ethan Miller 0-0: Ball
1-0: Called Strike
1-1: Foul Ball, location: 2F
1-2: Foul Ball, location: 2F
1-2: Foul Ball, location: 2F
1-2: Strikes out looking
Batting: LHB Jérôme Masson 0-0: Fielders Choice at 2nd, 6-4 (Groundball, 6)
Bottom of the 5th over - 0 runs, 1 hit, 0 errors, 1 left on base; Phoenix 4 - Brooklyn 1
TOP OF THE 6TH
Phoenix Hotspur batting - Pitching for Brooklyn Dodgers : LHP Addie Samson
Batting: RHB Roland Deschain 0-0: Called Strike
0-1: Ground out 5-3 (Groundball, 56S)
Batting: LHB Wagaw Lukongolo 0-0: Called Strike
0-1: Swinging Strike
0-2: Ball
1-2: Foul Ball, location: 2F
1-2: Strikes out looking
Batting: RHB Julián De Paz 0-0: Swinging Strike
0-1: DOUBLE (Flyball, 8RXD)
Pitching: RHP Víctor García
Batting: RHB Alfredo Pizarro 0-0: Ball
1-0: Called Strike
1-1: Ball
2-1: Foul Ball, location: 2F
2-2: Ball
3-2: Strikes out swinging
Top of the 6th over - 0 runs, 1 hit, 0 errors, 1 left on base; Phoenix 4 - Brooklyn 1
BOTTOM OF THE 6TH
Brooklyn Dodgers batting - Pitching for Phoenix Hotspur : RHP Miguel Rubia
Batting: LHB Mysterious Walker 0-0: Called Strike
0-1: Called Strike
0-2: Foul Ball, location: 2F
0-2: Foul Ball, location: 2F
0-2: Ground out 4-3 (Groundball, 4MS)
Batting: LHB Manuel Carmona 0-0: Ball
1-0: Called Strike
1-1: Called Strike
1-2: SOLO HOME RUN (Flyball, 7D), Distance : 403 ft
Batting: LHB Avon Barksdale 0-0: Ball
1-0: Ball
2-0: Swinging Strike
2-1: Swinging Strike
2-2: Strikes out looking
Batting: LHB Yannick Hendriksen 0-0: Ball
1-0: Swinging Strike
1-1: Ball
2-1: Ball
3-1: Foul Ball, location: 2F
3-2: Strikes out swinging
Bottom of the 6th over - 1 run, 1 hit, 0 errors, 0 left on base; Phoenix 4 - Brooklyn 2
TOP OF THE 7TH
Phoenix Hotspur batting - Pitching for Brooklyn Dodgers : RHP Víctor García
Batting: RHB Kyle Bywaters 0-0: Ball
1-0: Fly out, F5 (Line Drive, 5L)
Batting: LHB Francisco García 0-0: Foul Ball, location: 2F
0-1: Called Strike
0-2: Ball
1-2: Foul Ball, location: 2F
1-2: Foul Ball, location: 2F
1-2: Ground out 6-3 (Groundball, 6M)
Batting: RHB Randy Rehling 0-0: Ball
1-0: Foul Ball, location: 2F
1-1: Foul Ball, location: 2F
1-2: Ball
2-2: Fly out, F3 (Line Drive, 34)
Top of the 7th over - 0 runs, 0 hits, 0 errors, 0 left on base; Phoenix 4 - Brooklyn 2
BOTTOM OF THE 7TH
Brooklyn Dodgers batting - Pitching for Phoenix Hotspur : RHP Miguel Rubia
Batting: LHB Ki-tak Im 0-0: Foul Ball, location: 2F
0-1: Ground out U3 (Groundball, 3)
Batting: SHB Juan Rivas 0-0: Ball
1-0: Called Strike
1-1: Foul Ball, location: 2F
1-2: Ball
2-2: Strikes out looking
Batting: LHB Munemori Ohara 0-0: Foul Ball, location: 2F
0-1: Foul Ball, location: 2F
0-2: Strikes out swinging
Bottom of the 7th over - 0 runs, 0 hits, 0 errors, 0 left on base; Phoenix 4 - Brooklyn 2
TOP OF THE 8TH
Phoenix Hotspur batting - Pitching for Brooklyn Dodgers : RHP Víctor García
Batting: LHB Tadayoshi Watanabe 0-0: Ball
1-0: SOLO HOME RUN (Flyball, 9D), Distance : 397 ft
Batting: LHB Harumi Takaki 0-0: Ball
1-0: SINGLE (Flyball, 7S)
Batting: RHB Roland Deschain 0-0: Sac Bunt - play at first, batter OUT! 1-3
Harumi Takaki to second
Batting: LHB Wagaw Lukongolo 0-0: Ball
1-0: Foul Ball, location: 2F
1-1: Called Strike
1-2: Foul Ball, location: 2F
1-2: Ball
2-2: Strikes out swinging
Batting: RHB Julián De Paz 0-0: Ball
1-0: Foul Ball, location: 2F
1-1: Foul Ball, location: 2F
1-2: Ball
2-2: Foul Ball, location: 2F
2-2: Fly out, F6 (Line Drive, 6MS)
Top of the 8th over - 1 run, 2 hits, 0 errors, 1 left on base; Phoenix 5 - Brooklyn 2
BOTTOM OF THE 8TH
Brooklyn Dodgers batting - Pitching for Phoenix Hotspur : RHP Miguel Rubia
Batting: RHB Ethan Miller 0-0: SINGLE (Line Drive, 7LM)
Batting: LHB Jérôme Masson 0-0: Called Strike
0-1: Fly out, F7 (Flyball, 7)
Batting: LHB Mysterious Walker 0-0: Foul Ball, location: 2F
0-1: Ball
1-1: Ball
2-1: Foul Ball, location: 2F
2-2: Strikes out swinging
Batting: LHB Manuel Carmona 0-0: Foul Ball, location: 2F
0-1: Ball
1-1: Ball
2-1: Fly out, F8 (Flyball, 8RXD)
Bottom of the 8th over - 0 runs, 1 hit, 0 errors, 1 left on base; Phoenix 5 - Brooklyn 2
TOP OF THE 9TH
Phoenix Hotspur batting - Pitching for Brooklyn Dodgers : RHP Víctor García
Batting: RHB Alfredo Pizarro 0-0: Ball
1-0: Ground out 5-3 (Groundball, 25)
Batting: RHB Kyle Bywaters 0-0: Swinging Strike
0-1: DOUBLE (Line Drive, 7LM)
Batting: LHB Francisco García 0-0: Intentional Walk
Batting: RHB Randy Rehling 0-0: Called Strike
0-1: Ball
1-1: Ball
2-1: Grounds into double play, 4-6-3 (Groundball, 4)
Top of the 9th over - 0 runs, 1 hit, 0 errors, 1 left on base; Phoenix 5 - Brooklyn 2
BOTTOM OF THE 9TH
Brooklyn Dodgers batting - Pitching for Phoenix Hotspur : RHP Miguel Rubia
Batting: LHB Avon Barksdale 0-0: Ball
1-0: Called Strike
1-1: Called Strike
1-2: Ball
2-2: Foul Ball, location: 2F
2-2: Ball
3-2: Foul Ball, location: 2F
3-2: Foul Ball, location: 2F
3-2: Foul Ball, location: 2F
3-2: Foul Ball, location: 2F
3-2: Base on Balls
Pitching: RHP Mitchell Atwell
Batting: LHB Yannick Hendriksen 0-0: Swinging Strike
0-1: Ball
1-1: Ball
2-1: Swinging Strike
2-2: Foul Ball, location: 2F
2-2: Strikes out swinging
Batting: LHB Ki-tak Im 0-0: Ball
1-0: Fly out, F8 (Flyball, 8LD)
Batting: SHB Juan Rivas 0-0: Called Strike
0-1: Ball
1-1: Fly out, F7 (Flyball, 78M)
Bottom of the 9th over - 0 runs, 0 hits, 0 errors, 1 left on base; Phoenix 5 - Brooklyn 2
Tuesday, June 12th, 2018 - OOTP Baseball 18.8 Build 76